 Dungeon Crawl Stone Soup version 0.31-a0-259-g771a54ca4b (webtiles) character file.

Game seed: 3629226715717685166

42 qw the Shooter (level 3, -1/21 HPs)
             Began as a Gargoyle Hexslinger on July 13, 2023.
             Slain by a worm (9 damage)
             ... on level 1 of the Dungeon.
             The game lasted 00:00:19 (790 turns).

qw the Shooter (Gargoyle Hexslinger)                 Turns: 790, Time: 00:00:20

Health: -1/21      AC:  6    Str: 11    XL:     3   Next: 54%
Magic:  4/4        EV: 11    Int: 13    God:
Gold:   91         SH:  0    Dex: 14    Spells: 3/4 levels left

rFire   . . .        Y - +1 sling (freeze)
rCold   . . .        (no shield)
rNeg    + . .        e - +0 leather armour
rPois   inf          (no helmet)
rElec   +            (no cloak)
rCorr   .            (no gloves)
SInv    .            (no boots)
Will    .....        (no amulet)
Stlth   +            (no ring)
HPRegen 0.23/turn    (no ring)
MPRegen 0.09/turn

%: no passive effects
@: weak-willed
A: sickness immunity, AC +3, negative energy resistance 1, electricity
resistance, torment resistance 1, petrification resistance
a: no special abilities


You were on level 1 of the Dungeon.
You visited 1 branch of the dungeon, and saw 2 of its levels.

You collected 91 gold pieces.


Innate Abilities, Weirdness & Mutations

You are immune to sickness and miasma.
Your stone body is resilient. (AC +3)
You are immune to poison.
You resist negative energy. (rN+)
You are resistant to electric shocks. (rElec)
You are resistant to unholy torment.
You are immune to petrification.


   Skills:
 - Level 2.0 Fighting
 + Level 3.4 Ranged Weapons
 - Level 1.5 Dodging
 - Level 1.0 Spellcasting
 - Level 2.6 Hexes


You had 3 spell levels left.
You knew the following spells:

 Your Spells              Type           Power      Damage    Failure   Level
a - Slow                  Hex            28%        N/A       12%         1

Your spell library contained the following spells:

 Spells                   Type           Power      Damage    Failure   Level
 Inner Flame              Hex/Fire       4%         N/A       54%         3
 Portal Projectile        Hex/Tloc       8%         N/A       54%         3
 Cause Fear               Hex            3%         N/A       77%         4

Inventory:

Hand Weapons
 Y - a +1 sling of freezing (weapon)
Armour
 e - a +0 leather armour (worn)
Potions
 g - a potion of cancellation {unknown}

Dungeon Overview and Level Annotations

Branches:
Dungeon (2/15)

Altars:


Message History

The sling bullet freezes the adder.
The adder is moderately wounded.
The adder bites you but does no damage. x2; The adder bites you.
You shoot a sling bullet. The sling bullet hits the adder!
The adder seems to slow down.
The sling bullet freezes the adder.
You kill the adder!
The adder closely misses you. The worm barely misses you.
The adder bites you but does no damage.
You shoot a sling bullet. The sling bullet hits the adder.
The adder seems to slow down.
The sling bullet freezes the adder.
The adder is severely wounded.
The worm bites you! The adder barely misses you.
You shoot a sling bullet.
The sling bullet hits the adder but does no damage.
The adder is severely wounded.
The adder is no longer moving slowly.
The adder closely misses you. The worm closely misses you.
You shoot a sling bullet.
The sling bullet closely misses the adder.
The adder bites you but does no damage. x2
You shoot a sling bullet.
The sling bullet hits the adder but does no damage.
The adder is severely wounded.
The adder closely misses you. The worm bites you but does no damage.
You shoot a sling bullet.
The sling bullet closely misses the adder.
The adder bites you but does no damage. The worm bites you but does no damage.
The adder barely misses you.
You shoot a sling bullet.
The sling bullet closely misses the adder.
The adder bites you but does no damage. The worm bites you.
The adder bites you but does no damage.
You shoot a sling bullet.
The sling bullet closely misses the adder.
The adder bites you.
You shoot a sling bullet. The sling bullet hits the adder.
The sling bullet freezes the adder.
You kill the adder!
The worm bites you!
You die...

##.#...#.# #..# #.# ###.####
#..#...#.# #..# #.# #..#....
.#.#...#.#####.# #.# #.#^####
###)...........######.####.#.####
.#.......#####...................
#.##.#.### #?######..###.####.#
#.##.#.# #......##'# #.).....
.....#.#######.w######.########..
........).......@%..#8.8# ###
..........####.#######.##
#.#####...# #.#######.## #.#
#)..# #.....##8.8# #.### #...#
#.###.###.##
##..###...####.#....##.##
77...##........#.####8.8#
7....7###..######## ##.## # #
7....7 #.###8##8##8##.##8##8##8#


You could see a worm.

Vanquished Creatures
  2 adders (D:1)
  2 ball pythons (D:1)
  5 endoplasms (D:1)
  4 goblins (D:1)
  5 hobgoblins (D:1)
  5 kobolds (D:1)
  A bat (D:1)
  4 frilled lizards (D:1)
  3 rats (D:1)
31 creatures vanquished.

Notes
Turn   | Place    | Note
-------+----------+-------------------------------------------
     0 | D:1      | qw the Gargoyle Hexslinger began the quest for the Orb.
     0 | D:1      | Reached XP level 1. HP: 12/12 MP: 2/2
     0 | D:1      | 0 ||| qw: Version: 0.3-a-52-g30416fa
     0 | D:1      | 0 ||| qw: Game counter: 6942
     0 | D:1      | 0 ||| qw: Melee chars always use a shield: true
     0 | D:1      | 0 ||| qw: God list: Okawaru
     0 | D:1      | 0 ||| qw: Allow faded altars: false
     0 | D:1      | 0 ||| qw: Do Orc after clearing Dungeon:15 true
     0 | D:1      | 0 ||| qw: Do second Lair branch before Depths: true
     0 | D:1      | 0 ||| qw: Lair rune preference: random
     0 | D:1      | 0 ||| qw: Goals: Normal
     0 | D:1      | 0 ||| PLANNING D:1-11
   145 | D:1      | Reached XP level 2. HP: 16/16 MP: 3/3
   216 | D:1      | Reached skill level 3 in Ranged Weapons
   511 | D:1      | Noticed a great orb of eyes
   513 | D:1      | Reached XP level 3. HP: 21/21 MP: 4/4
   513 | D:1      | Found a faded altar of an unknown god.
   542 | D:1      | Noticed a floating eye
   542 | D:1      | Noticed an eye of devastation
   542 | D:1      | Noticed a golden eye
   749 | D:1      | 749 ||| UPGRADING to +0 leather armour.
   759 | D:1      | 759 ||| DROPPING +0 robe.
   760 | D:1      | 760 ||| READING scroll labelled WONEFI ACAPPIWE.
   761 | D:1      | 761 ||| READING scroll labelled TAWNIO MIS MUS.
   762 | D:1      | 762 ||| READING scroll labelled CIUK YRAKUE.
   763 | D:1      | 763 ||| DROPPING scroll of poison.
   775 | D:2      | 775 ||| STAIRDANCE
   790 | D:1      | Slain by a worm

Levels and vault maps discovered:
D:1:      sevenhm_arrival_forest_fort_small_5, layout_loops_ring,
          hellmonk_ecumenical_altar_watching_god, dk_noncrumbling_2,
          grunt_decor_junction
D:2:      layout_basic, minmay_fractal_squares_5

Skill      XL: |  1  2 |
---------------+-------+-----
Ranged Weapons | 3 |  3.4
Fighting       | 2 |  2.0
Dodging        | |  1.5
Spellcasting   | |  1.0
Hexes          | |  2.6

Action                     || total
---------------------------++-------
   Fire: Sling             ||    83
    Use: Scroll            ||     3
 Armour: Robe              ||     4
         Leather armour    ||    26
  Dodge: Dodged            ||    37

Table legend:
 A = Non-vault XP
 B = Vault XP
 C = Vault XP percentage of total XP
 D = Non-vault monster count
 E = Vault monster count
 F = Vault count percentage of total count
                 A         B        C        D         E       F
            +---------+---------+-------+---------+---------+-------
      Total |      74 |       0 |   0.0 |      31 |       0 |   0.0
            +---------+---------+-------+---------+---------+-------
        D:1 |      74 |       0 |   0.0 |      31 |       0 |   0.0
            +---------+---------+-------+---------+---------+-------
